Map: Dusk Towers

Players

SolO

  • Race: Zerg Zerg
  • League: Master

Miszu - Winner!

  • Race: Terran Terran
  • League: Master

VOD

Have the link to the VOD?

Description

Time

  • Played on: Feb. 6, 2016, 5:41 p.m.
  • Length: 13:03
Show
View Real Time Build Order
Export as new Build Order

SolO Zerg 

Build Orders: Hatch First, Muta Ling Bane 

Get SALT Encoding   

  12  0:01  Drone  
  13  0:13  Overlord  
  13  0:18  Drone  
  14  0:31  Drone x2  
  14  0:35  Drone  
  17  0:52  Hatchery  
  17  0:55  Drone  
  17  0:58  Drone  
  18  1:09  Extractor  
  17  1:13  Spawning Pool  
  17  1:15  Drone  
  17  1:19  Drone  
  18  1:33  Drone  
  19  1:41  Overlord  
  19  1:59  Queen  
  19  2:00  Zergling x2  
  22  2:01  Zergling x2  
  22  2:03  Queen  
  22  2:04  Drone  
  26  2:09  Metabolic Boost  
  26  2:11  Drone  
  27  2:17  Drone  
  29  2:22  Drone  
  29  2:25  Drone  
  30  2:33  Overlord  
  30  2:35  Queen  
  32  2:38  Drone  
  33  2:44  Drone  
  33  2:50  Drone  
  35  2:55  Drone  
  35  2:58  Hatchery  
  35  3:03  Zergling x2  
  36  3:08  Zergling x4  
  36  3:09  Zergling x6  
  36  3:12  Zergling x4  
  42  3:16  Overlord  
  42  3:20  Zergling x2  
  43  3:28  Extractor  
  42  3:39  Drone x2  
  42  3:40  Drone x2  
  46  3:45  Extractor  
  45  3:48  Drone  
  45  3:49  Drone x4  
  45  3:53  Drone  
  45  3:54  Drone  
  48  4:00  Overlord x2  
  48  4:03  Extractor, Lair  
  45  4:10  Queen  
  45  4:11  Drone  
  45  4:13  Zergling x2  
  45  4:14  Zergling x2  
  50  4:19  Zergling x2  
  51  4:25  Zergling x2  
  51  4:26  Zergling x8  
  51  4:29  Drone x2  
  58  4:35  Drone x2  
  60  4:41  Drone x3  
  58  4:56  Drone x3  
  58  4:58  Drone x5  
  58  4:59  Drone  
  67  5:06  Spire  
  66  5:12  Drone x3  
  69  5:14  Drone  
  69  5:15  Drone  
  69  5:19  Overlord  
  70  5:31  Drone, Evolution Chamber x2  
  70  5:32  Baneling Nest  
  70  5:34  Drone  
  70  5:35  Drone x5  
  74  5:38  Overlord  
  74  5:41  Extractor, Drone x2  
  74  5:42  Drone  
  76  5:43  Drone  
  77  5:50  Overlord x3  
  76  6:01  Zerg Melee Weapons Level 1, Zerg Ground Armor Level 1  
  76  6:04  Overlord  
  76  6:08  Zergling x2  
  76  6:09  Zergling x14  
  84  6:22  Mutalisk x5  
  84  6:23  Mutalisk  
  96  6:26  Baneling  
  96  6:27  Baneling x7  
  96  6:29  Mutalisk  
  96  6:30  Mutalisk  
  100  6:34  Overseer  
  100  6:38  Drone x4  
  104  6:40  Extractor, Centrifical Hooks  
  104  6:45  Zergling x8  
  107  6:47  Zergling x4  
  107  6:48  Baneling  
  107  6:49  Baneling x2  
  107  6:53  Zergling x4  
  111  6:58  Drone  
  111  7:00  Pneumatized Carapace  
  112  7:03  Zergling x8  
  112  7:07  Baneling x4  
  116  7:10  Hatchery  
  116  7:14  Zergling x8  
  116  7:15  Zergling x6  
  122  7:23  Baneling  
  122  7:24  Baneling x12  
  122  7:26  Overlord  
  122  7:27  Overlord  
  122  7:32  Overlord x2  
  122  7:48  Drone  
  122  7:50  Infestation Pit  
  122  7:51  Mutalisk x4  
  114  7:55  Drone x7  
  129  8:01  Zerg Melee Weapons Level 2  
  129  8:07  Drone x4  
  129  8:08  Drone x3  
  129  8:10  Overlord  
  129  8:11  Overlord x2  
  136  8:15  Zerg Ground Armor Level 2  
  136  8:19  Extractor, Zergling x4  
  137  8:20  Zergling x2  
  137  8:22  Extractor  
  137  8:30  Hive  
  137  8:33  Zergling x2  
  143  8:34  Zergling x16  
  146  8:47  Mutalisk x3  
  138  8:51  Zergling x4  
  138  8:52  Zergling x10  
  131  9:04  Mutalisk x2  
  131  9:05  Mutalisk  
  131  9:09  Zergling x2  
  137  9:10  Zergling x14  
  137  9:14  Queen  
  138  9:19  Overseer  
  138  9:20  Mutalisk x2, Overseer  
  142  9:30  Zergling x10  
  147  9:32  Baneling x9  
  147  9:34  Zergling x4  
  149  9:44  Zergling x22  
  149  9:45  Zergling x2  
  155  9:54  Baneling  
  155  9:55  Baneling  
  155  9:56  Baneling x12  
  155  9:57  Zergling x2  
  155  9:58  Zergling x8  
  160  10:03  Ultralisk Cavern  
  160  10:04  Zergling x4  
  161  10:15  Zerg Flyer Weapons Level 1  
  161  10:19  Zerg Melee Weapons Level 3  
  161  10:20  Zergling x12  
  161  10:21  Zergling x14  
  174  10:22  Adrenal Glands  
  174  10:29  Overlord x2  
  161  10:41  Baneling x3  
  161  10:42  Baneling x13  
  155  10:43  Zergling x8  
  155  10:44  Zergling x14  
  155  10:48  Queen  
  168  10:50  Chitinous Plating  
  171  10:57  Zergling x14, Ultralisk  
  128  11:06  Zergling x2  
  128  11:07  Zergling x6  
  110  11:13  Zergling x8  
  110  11:16  Baneling x5  
  110  11:17  Baneling x2  
  109  11:23  Ultralisk  
  109  11:24  Zergling x6  
  101  11:31  Ultralisk  
  99  11:33  Zergling x8  
  99  11:37  Ultralisk  
  94  11:47  Zergling x2  
  94  11:48  Zergling x6  
  95  11:56  Zergling x2  
  98  12:05  Zergling x2  
  98  12:07  Ultralisk  
  86  12:10  Overlord  
  86  12:14  Zergling x2  
  86  12:15  Zergling x2  
  80  12:20  Zergling x2, Ultralisk  
  80  12:21  Zergling x2  
  82  12:26  Zergling x2  
  82  12:28  Baneling x4  
  83  12:39  Zergling x6  
  83  12:43  Baneling x3  
  83  12:44  Baneling  
  86  12:46  Baneling  
Show
View Real Time Build Order
Export as new Build Order

Miszu Terran - Winner!

Build Orders: MMM Bio 

Get SALT Encoding   

  12  0:00  SCV  
  13  0:12  SCV  
  14  0:17  Supply Depot  
  14  0:24  SCV  
  15  0:39  SCV  
  15  0:42  Barracks  
  16  0:44  Refinery  
  16  0:51  SCV  
  17  1:03  SCV  
  18  1:15  SCV  
  19  1:28  Orbital Command  
  19  1:30  Barracks Reactor  
  19  1:39  Command Center  
  19  1:50  Supply Depot  
  19  1:54  SCV  
  20  2:06  Reaper x2, SCV  
  23  2:18  SCV  
  24  2:24  Barracks  
  24  2:28  Command Center  
  24  2:30  SCV  
  25  2:40  Reaper  
  25  2:41  Reaper  
  25  2:42  SCV  
  28  2:51  Orbital Command  
  28  2:54  SCV  
  29  3:06  SCV  
  29  3:12  Reaper  
  31  3:17  SCV  
  31  3:18  Barracks, SCV  
  31  3:19  Refinery, Barracks  
  33  3:28  Reaper  
  33  3:29  SCV  
  33  3:30  SCV  
  36  3:41  SCV x2  
  38  3:55  SCV x2, Orbital Command  
  40  3:58  Refinery  
  40  3:59  Refinery, Marine  
  40  4:00  Marine  
  42  4:07  SCV x2  
  44  4:12  Barracks Tech Lab  
  44  4:13  Barracks Tech Lab  
  44  4:17  Factory  
  44  4:18  Marine  
  44  4:19  SCV x2  
  44  4:22  Marine  
  49  4:25  Supply Depot  
  49  4:30  Orbital Command  
  49  4:31  SCV x2  
  49  4:35  Marine x2  
  49  4:36  Marine, Stimpack  
  53  4:40  Marine  
  53  4:43  Engineering Bay x2, SCV x2  
  56  4:47  Supply Depot  
  56  4:48  Combat Shields  
  50  4:53  Marine x2  
  50  4:54  Marine  
  50  4:55  SCV x2  
  50  4:57  SCV  
  50  4:58  Marine  
  57  5:05  Starport  
  57  5:07  SCV, Factory Reactor  
  57  5:08  SCV  
  57  5:09  Terran Infantry Armor Level 1, SCV  
  57  5:11  Marine x2  
  57  5:12  Marine  
  63  5:19  Supply Depot, SCV  
  63  5:20  SCV  
  65  5:21  SCV  
  65  5:26  Supply Depot, Terran Infantry Weapons Level 1  
  66  5:29  Marine  
  66  5:31  SCV  
  66  5:32  SCV  
  66  5:33  SCV  
  66  5:34  Barracks  
  70  5:35  Barracks  
  70  5:37  Marine  
  70  5:38  Marine  
  70  5:39  Marine  
  73  5:44  SCV x2  
  73  5:45  Supply Depot, SCV  
  73  5:47  Marine  
  73  5:49  Supply Depot  
  77  5:54  Factory Tech Lab  
  77  5:55  Medivac  
  77  5:56  Medivac, SCV x2  
  83  5:57  SCV  
  83  5:58  Marine  
  83  5:59  Marine  
  83  6:00  Marine  
  87  6:08  SCV x2  
  87  6:09  Supply Depot, SCV  
  87  6:10  Armory  
  90  6:12  Supply Depot  
  90  6:13  Marine  
  94  6:20  SCV x2  
  94  6:22  SCV  
  94  6:23  Barracks Tech Lab  
  94  6:24  Barracks Tech Lab  
  97  6:25  Medivac  
  97  6:26  Refinery  
  97  6:27  Refinery, Marine  
  97  6:28  Marine x2  
  97  6:31  Marine  
  97  6:32  SCV x2  
  102  6:34  SCV, Missile Turret  
  102  6:36  Missile Turret  
  102  6:37  Missile Turret  
  102  6:39  Supply Depot  
  103  6:40  Factory Reactor  
  103  6:41  Supply Depot  
  103  6:44  SCV x2  
  105  6:47  SCV  
  105  6:48  Marine x2  
  105  6:50  Marine  
  105  6:52  Marine x3  
  112  6:56  SCV x2  
  112  6:59  SCV  
  115  7:03  Supply Depot x2  
  115  7:04  Supply Depot  
  115  7:05  Medivac  
  115  7:06  Marine x2  
  119  7:08  Marine, SCV  
  119  7:09  Marine, SCV  
  119  7:10  Terran Infantry Armor Level 2  
  123  7:18  Widow Mine x2  
  123  7:19  Marine, Marauder  
  128  7:25  Marauder  
  130  7:30  Supply Depot  
  130  7:31  Marine x2, Marauder  
  130  7:32  Terran Infantry Weapons Level 2  
  132  7:38  Barracks  
  132  7:39  Barracks x2  
  130  7:46  Marine, Marauder  
  130  7:47  Medivac x2  
  130  7:48  Supply Depot  
  137  7:51  Marine  
  137  7:52  Marauder, Widow Mine x2  
  144  7:58  Marine  
  144  7:59  Marauder  
  144  8:01  Terran Vehicle Weapons Level 1  
  144  8:03  Factory  
  144  8:04  Marauder  
  149  8:08  Marauder  
  149  8:09  Marine  
  152  8:13  Marauder  
  152  8:16  Marine  
  152  8:17  Medivac x2  
  152  8:19  Marine  
  159  8:23  Supply Depot  
  159  8:24  Supply Depot x2, Widow Mine x2  
  159  8:25  Supply Depot  
  159  8:26  Marauder  
  166  8:27  Marine, Barracks Tech Lab  
  166  8:28  Barracks Tech Lab  
  166  8:29  Barracks Reactor, Marauder  
  169  8:34  Marine  
  169  8:35  Marauder  
  169  8:38  Marauder  
  168  8:51  Factory Tech Lab  
  152  9:03  Marine x3, Marauder  
  152  9:04  Marine x3  
  152  9:05  Hellion, Medivac x2, Marauder  
  168  9:12  Marine x2  
  168  9:14  Thor  
  174  9:20  Widow Mine  
  174  9:21  Marine x3  
  174  9:22  Marine, Marauder x2  
  184  9:24  Marine  
  185  9:35  Command Center  
  185  9:42  Marine  
  185  9:43  Marauder  
  188  9:46  Widow Mine  
  188  9:52  Terran Infantry Weapons Level 3  
  190  9:57  Marauder, Thor  
  198  10:01  Marauder  
  199  10:22  Terran Infantry Armor Level 3  
  199  10:23  Marine  
  200  10:32  Barracks  
  200  10:33  Barracks  
  200  10:34  Sensor Tower, Ghost Academy  
  185  10:36  Marine x7, Marauder  
  185  10:37  Marine  
  185  10:41  Marine  
  191  10:54  Marine x6  
  191  10:55  Marauder  
  198  10:57  Marine  
  198  11:02  Marine, Marauder  
  174  11:06  Widow Mine  
  174  11:07  Medivac  
  157  11:11  Marine  
  157  11:12  Marine x5, Medivac  
  157  11:15  Marine  
  157  11:16  Marine  
  167  11:19  Marine  
  167  11:21  Thor  
  167  11:23  Marine  
  175  11:29  Marine  
  175  11:30  Marine x5  
  181  11:33  Marine x2  
  181  11:37  Marine, Medivac  
  186  11:41  Marine  
  175  11:47  Marine  
  175  11:48  Marine x4, Marauder  
  175  11:50  Marine  
  175  11:52  Marauder  
  182  11:55  Marine  
  182  11:59  Marine  
  183  12:05  Marine x5  
  187  12:08  Marine  
  187  12:09  Marine  
  187  12:13  Marine x2  
  187  12:15  Medivac  
  193  12:17  Marauder  
  193  12:18  Widow Mine  
  197  12:23  Marine  
  197  12:24  Marauder  
  197  12:25  Planetary Fortress  
  197  12:26  Barracks Tech Lab x2  
Tags
 
Add a new tag
Caveats
  • Supply blocks, unpowered buildings, or Contaminate may cause inaccurate times.
  • Supply counts are checked every 10 seconds.